 Dungeon Crawl Stone Soup version 0.23.2 (webtiles) character file.

Game seed: 17709859914827974339

4884 Peloso the Blocker (level 10, -1/88 HPs)
             Began as a Minotaur Fighter on Apr 6, 2019.
             Was an Initiate of Okawaru.
             Slain by a vampire (9 damage)
             ... on level 9 of the Dungeon.
             The game lasted 00:21:07 (9430 turns).

Peloso the Blocker (Minotaur Fighter)               Turns: 9430, Time: 00:21:09

Health: -1/88      AC: 11    Str: 23    XL:     10   Next: 26%
Magic:  9/9        EV:  9    Int:  5    God:    Okawaru [......]
Gold:   356        SH: 13    Dex: 11    Spells: 9/9 levels left

rFire    . . .     SeeInvis .   a - +1 long sword
rCold    . . .     Gourm    .   c - +1 shield
rNeg     . . .     Faith    .   C - +0 chain mail
rPois    .         Spirit   .   (helmet restricted)
rElec    .         Reflect  .   (no cloak)
rCorr    .         Harm     .   (no gloves)
MR       +....                  (no boots)
Stlth    ..........             (no amulet)
HPRegen  0.24/turn              q - ring of protection from magic
MPRegen  0.11/turn              (no ring)

@: studying Maces & Flails
A: retaliatory headbutt, horns 2
a: Renounce Religion


You were on level 9 of the Dungeon.
You worshipped Okawaru.
Okawaru was noncommittal.
You were not hungry.

You visited 2 branches of the dungeon, and saw 10 of its levels.
You also visited: Sewer and Ossuary.

You collected 356 gold pieces.

Inventory:

Hand Weapons
 a - a +1 long sword (weapon)
Missiles
 A - 36 bolts
Armour
 b - a +0 scale mail
 c - a +1 shield (worn)
 C - a +0 chain mail (worn)
Jewellery
 q - a ring of protection from magic (left hand)
Wands
 u - a wand of flame (56)
 z - a wand of acid (11)
 B - a wand of polymorph (6)
Scrolls
 g - 7 scrolls of identify
 l - 6 scrolls of remove curse
 o - 6 scrolls of teleportation {unknown}
 r - 2 scrolls of amnesia
 s - a scroll of magic mapping
 w - 2 scrolls of enchant armour
 y - a scroll of random uselessness {unknown}
 D - a scroll of silence {unknown}
Potions
 e - a potion of magic
 h - 2 potions of flight
 i - 2 potions of brilliance {unknown}
 j - a potion of resistance {unknown}
 k - 2 potions of ambrosia {unknown}
 m - 2 potions of degeneration {unknown}
 n - 5 potions of curing
 p - 5 potions of heal wounds {unknown}
 t - a potion of berserk rage {unknown}
 v - a potion of haste {unknown}
 x - a potion of might
Books
 d - a manual of Maces & Flails
Comestibles
 f - 16 rations


   Skills:
 + Level 7.7 Fighting
 + Level 10.2 Long Blades
 + Level 8.6 Armour
 + Level 4.3 Dodging
 + Level 1.0 Stealth
 + Level 10.4 Shields


You had 9 spell levels left.
You didn't know any spells.
Your spell library contained the following spells:

 Spells                   Type           Power        Failure   Level  Hunger
 Beastly Appendage        Tmut           #.....       99%         1    ##.....
 Sandblast                Erth           #.....       99%         1    ##.....
 Passwall                 Tmut/Erth      #.......     100%        2    ###....
 Sticks to Snakes         Tmut           #.......     100%        2    ###....
 Spider Form              Tmut/Pois      #.........   100%        3    ####...
 Stone Arrow              Conj/Erth      #.....       100%        3    ####...
 Ice Form                 Ice/Tmut       #.......     100%        4    #####..
 Petrify                  Tmut/Erth      #.......     100%        4    #####..
 Blade Hands              Tmut           #.........   100%        5    ######.
 Lee's Rapid Deconstruct  Erth           #.........   100%        5    ######.


Dungeon Overview and Level Annotations

Branches:
Dungeon (9/15)             Temple (1/1) D:4            Lair (0/6) D:8
    Orc: D:9-12

Altars:
Ashenzari
Dithmenos
Elyvilon
Fedhas
Gozag
Hepliaklqana
Kikubaaqudgha
Makhleb
Nemelex Xobeh
Okawaru
Qazlal
Ru
Sif Muna
Trog
Uskayaw
Vehumet
Wu Jian
Xom
Yredelemnul
Zin
The Shining One
Lugonu

Shops:
D:4 [

Annotations:
D:8 1 runed translucent door


Innate Abilities, Weirdness & Mutations

You reflexively headbutt those who attack you in melee.
You have a pair of horns on your head.


Message History

Something bites you but does no damage. You block the orc's attack.
The big kobold throws a stone.
The stone hits you but does no damage.
Unknown command.
You hit something. Something hits you but does no damage. Something bites you!
* * * LOW HITPOINT WARNING * * *
Something draws strength from your injuries!
You block the orc's attack.
Unknown command.
You hit something. Your headbutt misses something.
You block something's attack. Something bites you!
* * * LOW HITPOINT WARNING * * *
Something draws strength from your injuries!
The orc hits you but does no damage.
Unknown command.
You hit something but do no damage. Something hits you but does no damage.
Something bites you but does no damage.
Unknown command.
You completely miss something. The orc barely misses you.
You riposte.
You barely miss the orc. Something hits you!
You die...

.### .... ...
...
####..####..
..........K...
.#$.......#$.#
..........#..#
......{...#..#
.......@o.#..#
##........#..#
#.......)...#
#####..#....#
##.#....#
#...=..#
##......#
#.......#
#.#.....#


You could see a big kobold and an orc.

Vanquished Creatures
  2 hippogriffs (D:7)
  A wraith (Ossuary)
  A shadow (D:8)
  A hungry ghost (D:8)
  A steam dragon (D:7)
  A water moccasin (D:6)
  2 orc warriors
  4 sky beasts
  4 ice beasts
  A necrophage (D:6)
  5 ogres
  4 centaurs
  An elf zombie (D:5)
  A big kobold (Sewer)
  A bullfrog (D:6)
  A water moccasin zombie (D:5)
  2 scorpions
  6 killer bees
  4 wights (D:5)
  2 howler monkeys (D:5)
  4 crimson imps
  A quasit (D:8)
  4 hounds
  A human zombie (D:5)
  4 jellies
  2 orc priests
  An orc wizard (D:5)
  A bullfrog skeleton (D:6)
  A gnoll shaman (D:7)
  3 human skeletons (D:5)
  6 worker ants
  A killer bee zombie (D:7)
  A mummy (Ossuary)
  2 worker ant zombies
  6 gnolls
  12 adders
  A river rat (Sewer)
  2 shadow imps
  6 oozes
  An adder skeleton (D:5)
  4 worms (D:3)
  3 dart slugs
  3 leopard geckos
  24 orcs
  9 giant cockroaches
  9 goblins
  8 hobgoblins
  8 jackals
  5 quokkas
  A ball python (D:3)
  5 bats
  4 frilled lizards
  14 gnoll skeletons (Ossuary)
  2 goblin skeletons (D:8)
  2 hobgoblin zombies (D:8)
  9 kobolds
  5 kobold skeletons
  A kobold zombie (D:8)
  A leopard gecko zombie (D:5)
  10 orc skeletons
  2 orc zombies (D:8)
  7 rats
241 creatures vanquished.

Notes
Turn   | Place    | Note
-------+----------+-------------------------------------------
     0 | D:1      | Peloso the Minotaur Fighter began the quest for the Orb.
     0 | D:1      | Reached XP level 1. HP: 19/19 MP: 0/0
    78 | D:1      | Reached XP level 2. HP: 27/27 MP: 1/1
   558 | D:1      | Reached XP level 3. HP: 33/33 MP: 2/2
   715 | D:2      | Found a shadowy altar of Dithmenos.
   864 | D:2      | Found a shattered altar of Ashenzari.
  1070 | D:2      | Reached XP level 4. HP: 34/40 MP: 3/3
  1404 | D:2      | Found a blossoming altar of Fedhas.
  1574 | D:3      | Found an opulent altar of Gozag.
  1690 | D:3      | Reached XP level 5. HP: 33/47 MP: 4/4
  1691 | D:3      | Found a glowing drain.
  1893 | Sewer    | Entered a sewer
  1961 | Sewer    | Reached skill level 5 in Shields
  1978 | Sewer    | Reached skill level 1 in Dodging
  2002 | Sewer    | Found a white marble altar of Elyvilon.
  2065 | D:3      | Reached skill level 5 in Armour
  2225 | D:3      | Reached XP level 6. HP: 26/53 MP: 5/5
  2392 | D:3      | Found a burning altar of Makhleb.
  2394 | D:3      | Noticed a green death
  2396 | D:3      | Found a glowing silver altar of Zin.
  2396 | D:3      | Noticed an angel
  2724 | D:4      | Found a staircase to the Ecumenical Temple.
  2737 | D:4      | Found a basalt altar of Yredelemnul.
  2749 | Temple   | Entered the Ecumenical Temple
  2827 | D:4      | Found a bloodstained altar of Trog.
  2863 | D:4      | Found a stormy altar of Qazlal.
  2942 | D:4      | Found an ornate altar of the Wu Jian Council.
  2943 | D:4      | Found an ancient bone altar of Kikubaaqudgha.
  2973 | D:4      | Found a white marble altar of Elyvilon.
  3150 | D:4      | Found Bixiyt's Armour Shoppe.
  3219 | D:5      | Entered Level 5 of the Dungeon
  3306 | D:5      | Reached skill level 5 in Fighting
  3491 | D:5      | Reached skill level 5 in Long Blades
  3491 | D:5      | Reached XP level 7. HP: 49/61 MP: 6/6
  3595 | D:5      | Found a sand-covered staircase.
  3603 | Ossuary  | Entered an ossuary
  3603 | Ossuary  | Noticed a wraith
  3603 | Ossuary  | Noticed a wraith
  3603 | Ossuary  | Noticed a wraith
  4233 | Ossuary  | Noticed a wraith
  4248 | Ossuary  | Killed a wraith
  4441 | D:5      | Reached XP level 8. HP: 33/70 MP: 7/7
  5805 | D:6      | Reached XP level 9. HP: 43/78 MP: 8/8
  6162 | D:6      | Found a radiant altar of Vehumet.
  7504 | D:7      | Reached skill level 1 in Stealth
  8213 | D:7      | Found an iron altar of Okawaru.
  8399 | D:7      | Became a worshipper of Warmaster Okawaru
  8541 | D:8      | Found a staircase to the Lair.
  8591 | D:8      | Reached XP level 10. HP: 62/86 MP: 9/9
  8775 | D:7      | Reached skill level 10 in Shields
  8955 | D:8      | Found a glowing golden altar of the Shining One.
  9220 | D:8      | Found a sparkling altar of Nemelex Xobeh.
  9285 | D:8      | Found a runed translucent door.
  9285 | D:8      | Noticed an orc knight
  9285 | D:8      | Noticed a cyclops
  9285 | D:8      | Noticed a deep elf mage
  9287 | D:8      | Noticed a necromancer
  9287 | D:8      | Noticed a great orb of eyes
  9381 | D:9      | Reached skill level 10 in Long Blades
  9430 | D:9      | Slain by a vampire

Skill      XL: |  1  2  3  4  5  6  7  8  9 10 |
---------------+-------------------------------+-----
Fighting       | 4 5 6 7 |  7.7
Shields        | 4 5 6 7 9 10 | 10.4
Armour         | 4 5 7 8 |  8.6
Long Blades    | 3 4 5 7 8 9 10 | 10.2
Dodging        | 1 2 3 4 |  4.3
Stealth        | 1 |  1.0

Action                   |  1- 3 |  4- 6 |  7- 9 | 10-12 || total
-------------------------+-------+-------+-------+-------++-------
Melee: Long sword        |    73 |   245 |   431 |   133 ||   882
       Headbutt          |    15 |    46 |    96 |    32 ||   189
  Use: Scroll            |       |     4 |     4 |       ||     8
       Potion            |       |       |     2 |       ||     2
  Eat: Chunk             |       |     8 |    12 |     4 ||    24
       Ration            |       |       |     2 |       ||     2
Armor: Scale mail        |    52 |   118 |   127 |       ||   297
       Chain mail        |       |       |     7 |    52 ||    59
Dodge: Dodged            |    25 |    84 |   137 |    30 ||   276
Block: Shield            |    52 |   180 |   255 |    95 ||   582
       Rpst.: Long sword |     7 |    26 |    36 |     9 ||    78
